 Dungeon Sprint DCSS version 0.29.1-15-g9cfb28693d (webtiles) character file.

Game seed: 13462714123282919028

9665 Revguard the Unseen (level 11, 0/90 HPs)
             Began as a Demonspawn Brigand on Mar 10, 2023.
             Was the Champion of Dithmenos.
             Slain by a Hell Sentinel (5 damage)
             ... in the Dungeon (Sprint V: "Ziggurat Sprint").
             The game lasted 00:13:48 (1304 turns).

Revguard the Unseen (Demonspawn Brigand)            Turns: 1304, Time: 00:13:49

Health: 0/90       AC: 23    Str: 18    XL:     11   Next: 26%
Magic:  5/20       EV: 20    Int: 13    God:    Dithmenos [******]
Gold:   0          SH:  0    Dex: 18    Spells: 8/18 levels left

rFire   + . .      SeeInvis .   k - +8 arc blade {discharge, rElec}
rCold   . . .      Faith    .   (no shield)
rNeg    . . .      Spirit   .   E - +5 shadow dragon scales
rPois   .          Reflect  .   (helmet restricted)
rElec   +          Harm     .   c - +0 cloak
rCorr   .          Rampage  .   (no gloves)
Will    .....      NoTele   +   (no boots) Stlth ***+++++++
                                (no amulet)
HPRegen 0.25/turn               I - ring of the Trout {rF+ Str+6}
MPRegen 0.17/turn               a - ring of the Hare {EV+8}

@: wreathed by umbra, studying 2 skills, invisible
A: antennae 2, hooves 1, foul stench 1, demonic touch 1
a: Renounce Religion, Shadow Step, Shadow Form


You were in the Dungeon.
You worshipped Dithmenos.
Dithmenos was exalted by your worship.
You visited 1 branch

Inventory:

Hand Weapons
 k - the +8 arc blade (weapon) {discharge, rElec}
   (You found it in the Dungeon)

   It occasionally unleashes powerful arcs of lightning upon striking a foe.
   These may arc to other adjacent creatures (including the wielder, but dealing
   reduced damage to them) before grounding out.
   rElec:     It insulates you from electricity.
 G - the +7 Singing Sword {vorpal, sonic wave}
   (You found it in the Dungeon)

   It inflicts extra damage upon your enemies.
   It radiates damaging sonic waves as it strikes, especially in combat
   involving dangerous or numerous foes.
 H - a +5 quick blade
Missiles
 d - 9 poisoned darts (quivered)
 e - 3 curare-tipped darts
 K - a throwing net
Armour
 c - a +0 cloak (worn)
 E - +5 shadow dragon scales (worn)
Jewellery
 a - the ring of the Hare (right hand) {EV+8}
   (You found it in the Dungeon)

   [ring of evasion]

   EV:        It affects your evasion (+8).
 o - a ring of protection from cold
 u - a ring of flight
 v - a ring of see invisible
 w - an amulet of faith
 x - a ring of willpower
 I - the ring of the Trout (left hand) {rF+ Str+6}
   (You found it in the Dungeon)

   [ring of strength]

   Str:       It affects your strength (+6).
   rF:        It protects you from fire.
 L - a ring of fire
 N - the ring "Tuheuwio" {*Slow rF+ rCorr MP+9 Int+5}
   (You found it in the Dungeon)

   [ring of protection from fire]

   Int:       It affects your intelligence (+5).
   rF:        It protects you from fire.
   MP:        It affects your magic capacity (+9).
   rCorr:     It protects you from acid and corrosion.
   *Slow:     It may slow you when you take damage.
 P - the ring of Ezudd {Wiz Will+ SInv}
   (You found it in the Dungeon)

   [ring of wizardry]

   It improves your spell success rate.
   SInv:      It lets you see invisible.
   Will:      It increases your willpower.
Wands
 B - a wand of mindburst (7)
 C - a wand of iceblast (3)
 D - a wand of acid (4)
Scrolls
 q - 4 scrolls of amnesia
 r - 8 scrolls of fog
 s - 5 scrolls of identify
 t - 2 scrolls of fear
 O - a scroll of brand weapon
Potions
 f - 10 potions of curing
 g - 5 potions of heal wounds
 h - 6 potions of haste
 i - 7 potions of magic
 j - 2 potions of berserk rage
 l - 2 potions of brilliance
 m - a potion of invisibility
 n - 4 potions of resistance
 p - 6 potions of might
Miscellaneous
 b - a condenser vane (inert)
 F - a lightning rod (4/4)
 J - a box of beasts (inert)
 M - a phial of floods


   Skills:
 + Level 10.0 Fighting
 + Level 9.1 Short Blades
 - Level 1.7 Throwing
 * Level 11.2 Armour
 + Level 8.9 Dodging
 * Level 15.7 Stealth
 - Level 4.0 Spellcasting
 - Level 4.9 Hexes
 + Level 12.4 Invocations
 + Level 9.7 Evocations


You had 8 spell levels left.
You knew the following spells:

 Your Spells              Type           Power      Damage    Failure   Level
a - Yara's Violent Unrav  Hex/Tmut       4%         3d4       100%        5
b - Silence               Hex/Air        4%         N/A       100%        5

Your spell library contained the following spells:

 Spells                   Type           Power      Damage    Failure   Level
 Tukima's Dance           Hex            15%        N/A       54%         3
 Cause Fear               Hex            7%         N/A       91%         4
 Blink                    Tloc           4%         N/A       94%         2
 Anguish                  Hex/Necr       4%         N/A       99%         4
 Passage of Golubria      Tloc           2%         N/A       100%        4
 Manifold Assault         Tloc           2%         N/A       100%        5
 Dragon Form              Tmut           1%         N/A       100%        7
 Enfeeble                 Hex            7%         N/A       100%        7
 Storm Form               Tmut/Air       1%         N/A       100%        7
 Lehudib's Crystal Spear  Conj/Erth      1%         10d2      100%        8
 Dragon's Call            Summ           1%         N/A       100%        9


Dungeon Overview and Level Annotations

Branches:
Dungeon (1/1)

Altars:
Ashenzari
Cheibriados
Dithmenos
Fedhas
Gozag
Hepliaklqana
Kikubaaqudgha
Makhleb
Nemelex Xobeh
Okawaru
Qazlal
Ru
Sif Muna
Trog
Uskayaw
Vehumet
Wu Jian
Xom
Yredelemnul
Jiyva
Lugonu

Annotations:
D 1 transporter


Innate Abilities, Weirdness & Mutations

You have a pair of antennae on your head.
You have large cloven feet.
You may rarely emit foul miasma when damaged in melee.
Your touch may inflict minor irresistible damage on your foes.


Message History

Your Fighting skill increases to level 10!
Okay, then.
Aiming: Shadow Step
Press: ? - help, Dir - move target, f - ancient champion
Aim: an ancient champion, wielding a +2 vorpal great sword and wearing a +0 chain mail (dormant, umbra)
You step into the ancient champion's shadow.
The hellion gives a hideous shriek!
The Hell Sentinel roars!
The ancient champion misses you. The Hell Sentinel hits you!
The Hell Sentinel misses you.
The ancient champion hits you with a +2 vorpal great sword!
You feel much better.
The Hell Sentinel completely misses you. x2
The ancient champion hits you with a +2 vorpal great sword!!
* * * LOW HITPOINT WARNING * * *
You emit a cloud of foul miasma!
The ancient champion completely misses you.
Okay, then.
Clouds of freezing vapour condense around you!
The condenser dries out!
The tormentor is engulfed in freezing vapours.
The war gargoyle is engulfed in freezing vapours.
The hellion is engulfed in freezing vapours.
The Hell Sentinel hits you.
* * * LOW HITPOINT WARNING * * *
The Hell Sentinel hits you!
* * * LOW HITPOINT WARNING * * *
The ancient champion completely misses you.
The ancient champion is engulfed in freezing vapours.
The ancient champion barely misses you.
The war gargoyle is engulfed in freezing vapours.
Okay, then.
You fade into invisibility!
The war gargoyle is engulfed in freezing vapours.
The tormentor is engulfed in freezing vapours.
The hellion is engulfed in freezing vapours.
The war gargoyle is engulfed in freezing vapours.
The ancient champion is engulfed in freezing vapours.
The Hell Sentinel hits you but does no damage.
The Hell Sentinel hits you.
You die...

▓...)))...▓..|)}..▓
▓...).)...▓.......▓
▓....†.)..▓.......▓
▓.........▓.......▓
▓.........▓.......▓
▓.▓.....▓.▓.▓...▓.▓
▓....©....▓...©...▓
▓▓▓▓▓▓▓▓▓▓▓▓▓▓▓▓▓▓▓▓▓
▓.§§8@8z§.▓...8©8...▓
▓.§9zz12§.▓...)..)..▓
▓.§§299§§.▓....[.)..▓
▓..§§§§§..▓.........▓
▓...§§§...▓.........▓
▓.........▓.........▓
▓.........▓.........▓
▓.........▓.▓.....▓.▓
▓.▓.....▓.▓....©....▓


You could see an iron golem (unable to see you), a Hell Sentinel, 3 ancient
champions, 2 war gargoyles, a hellion (unable to see you) and a tormentor
(unable to see you).

Vanquished Creatures
  A pandemonium lord (D)
  3 two-headed ogres (D)
  2 naga magi (D)
  5 toenail golems (D)
  A gargoyle (D)
  An orange demon (D)
  A hellion (D)
  An ice devil (D)
  A hellwing (D)
  4 merfolk (D)
  2 trolls (D)
  A yak (D)
  A naga (D)
  A floating eye (D)
  An ogre (D)
  2 bullfrogs (D)
  2 earth elementals (D)
  4 quasits (D)
  An iron imp (D)
  An orc priest (D)
  A jelly (D)
  2 iguanas (D)
  4 adders (D)
  A river rat (D)
  A shadow imp (D)
  A white imp (D)
  2 ufetubi (D)
  An orc (D)
  2 endoplasms (D)
  2 jackals (D)
53 creatures vanquished.

Vanquished Creatures (collateral kills)
  An earth elemental (D)
1 creature vanquished.

Vanquished Creatures (others)
  An adder (D)
1 creature vanquished.

Grand Total: 55 creatures vanquished

Notes
Turn   | Place    | Note
-------+----------+-------------------------------------------
     0 | D        | Revguard the Demonspawn Brigand began the quest for the
                  | Orb.
     0 | D        | Reached XP level 1. HP: 16/16 MP: 1/1
     0 | D        | Found a shimmering blue altar of Sif Muna.
     0 | D        | Found a sacrificial altar of Ru.
     0 | D        | Found a bloodstained altar of Trog.
     0 | D        | Found a stormy altar of Qazlal.
     0 | D        | Found an iron altar of Okawaru.
     0 | D        | Found a sparkling altar of Nemelex Xobeh.
     0 | D        | Found a blossoming altar of Fedhas.
     0 | D        | Found the +6 Majin-Bo {vamp, MP+6 Int+6}
     0 | D        | Found the +9 heavy crossbow "Sniper" {vorpal, Acc+∞ SInv}
     0 | D        | Found the +10 dark maul {vorpal}
     0 | D        | Found the +15 Maxwell's patent armour {-Cast -Tele rElec
                  | Will+ rCorr}
     0 | D        | Found the +18 shield of the Gong {rElec rN+ Will+ EV-5}
     0 | D        | Found the +14 obsidian axe {vorpal, Mesm Drain Fly SInv}
     0 | D        | Found the +7 great mace "Firestarter" {inner flame, rF++}
     0 | D        | Found the +6 shillelagh "Devastator" {shatter}
     0 | D        | Found the +11 plutonium sword {Contam Stlth-}
     0 | D        | Found the +8 lance "Wyrmbane" {slay drac, rPois rF+ rC+
                  | AC+3}
     0 | D        | Found the +9 sword of Zonguldrok {reap}
     0 | D        | Found the +13 scythe of Curses {drain, Drain}
     0 | D        | Found the +5 sword of Power {vorpal}
     0 | D        | Found the +7 mace of Variability {chain chaos}
     0 | D        | Found the +7 Singing Sword {vorpal, sonic wave}
     0 | D        | Found the +8 storm bow {elec, penet}
     2 | D        | Found a transporter.
     2 | D        | Found an ancient bone altar of Kikubaaqudgha.
     2 | D        | Found a viscous altar of Jiyva.
     2 | D        | Found a corrupted altar of Lugonu.
     2 | D        | Found a hazy altar of Hepliaklqana.
     2 | D        | Found a burning altar of Makhleb.
     2 | D        | Found an opulent altar of Gozag.
    63 | D        | Became a worshipper of Dithmenos the Shadowed
    71 | D        | Reached skill level 6 in Stealth
    71 | D        | Discovered your monstrous ancestry.
    71 | D        | Gained mutation: You have a pair of small antennae on your
                  | head. [demonic ancestry]
    71 | D        | Reached XP level 2. HP: 22/22 MP: 2/2
    86 | D        | Entered arena 2.
    86 | D        | Found the ring of the Hare {EV+8}
    86 | D        | Found a transporter.
    90 | D        | Reached skill level 1 in Dodging
    90 | D        | Reached skill level 1 in Invocations
    90 | D        | Reached skill level 1 in Evocations
    90 | D        | Reached XP level 3. HP: 28/28 MP: 2/4
   116 | D        | Entered arena 3.
   116 | D        | Noticed a bullfrog
   116 | D        | Found a transporter.
   121 | D        | Killed a bullfrog
   121 | D        | Reached * piety under Dithmenos
   122 | D        | Reached skill level 5 in Armour
   122 | D        | Reached skill level 7 in Stealth
   122 | D        | Reached XP level 4. HP: 35/35 MP: 4/6
   135 | D        | Gained mutation: You have large cloven feet. [demonic
                  | ancestry]
   135 | D        | Reached XP level 5. HP: 37/41 MP: 4/7
   160 | D        | Entered arena 4.
   160 | D        | Noticed a floating eye
   160 | D        | Found a transporter.
   168 | D        | Killed a floating eye
   168 | D        | Reached ** piety under Dithmenos
   170 | D        | Reached skill level 5 in Invocations
   170 | D        | Reached XP level 6. HP: 48/49 MP: 7/9
   175 | D        | Got the ring of the Trout {rF+ Str+6}
   186 | D        | Entered arena 5.
   186 | D        | Noticed a merfolk
   186 | D        | Noticed a merfolk
   186 | D        | Noticed a merfolk
   186 | D        | Noticed a merfolk
   186 | D        | Found a transporter.
   201 | D        | Killed a merfolk
   202 | D        | Reached skill level 5 in Fighting
   202 | D        | Reached skill level 8 in Stealth
   202 | D        | Reached skill level 1 in Spellcasting
   202 | D        | Reached skill level 1 in Hexes
   203 | D        | Killed a merfolk
   203 | D        | Reached *** piety under Dithmenos
   203 | D        | Killed a merfolk
   204 | D        | Reached skill level 5 in Short Blades
   204 | D        | Reached skill level 5 in Dodging
   204 | D        | Reached skill level 5 in Evocations
   204 | D        | Gained mutation: You may rarely emit foul miasma when
                  | damaged in melee. [demonic ancestry]
   204 | D        | Reached XP level 7. HP: 19/57 MP: 5/12
   205 | D        | Killed a merfolk
   206 | D        | Reached skill level 9 in Stealth
   206 | D        | Reached XP level 8. HP: 22/64 MP: 5/13
   212 | D        | Learned a level 5 spell: Yara's Violent Unravelling
   449 | D        | Entered arena 6.
   449 | D        | Found a transporter.
   453 | D        | Reached **** piety under Dithmenos
   474 | D        | Learned a level 5 spell: Silence
   477 | D        | Entered arena 7.
   477 | D        | Noticed a two-headed ogre
   477 | D        | Noticed a troll
   477 | D        | Noticed a two-headed ogre
   477 | D        | Noticed a two-headed ogre
   477 | D        | Noticed a troll
   478 | D        | Found a transporter.
   482 | D        | Killed a troll
   482 | D        | Reached ***** piety under Dithmenos
   482 | D        | Killed a troll
   483 | D        | Reached skill level 10 in Stealth
   484 | D        | Killed a two-headed ogre
   484 | D        | Killed a two-headed ogre
   484 | D        | Killed a two-headed ogre
   485 | D        | Reached skill level 11 in Stealth
   485 | D        | Reached skill level 10 in Invocations
   485 | D        | Gained mutation: Your touch may inflict minor irresistible
                  | damage on your foes. [demonic ancestry]
   485 | D        | Reached XP level 9. HP: 61/74 MP: 14/16
   551 | D        | Entered arena 8.
   551 | D        | Found the +8 arc blade {discharge, rElec}
   551 | D        | Noticed an orange demon
   551 | D        | Noticed Reanyafe the pandemonium lord
   551 | D        | Noticed a hellwing
   552 | D        | Found a transporter.
   554 | D        | Noticed a golden dragon
   556 | D        | Killed an orange demon
   557 | D        | Reached XP level 10. HP: 69/82 MP: 17/17
   557 | D        | Reached ****** piety under Dithmenos
   559 | D        | Noticed an iron dragon
   559 | D        | Noticed an ice dragon
   562 | D        | Reached skill level 12 in Stealth
   571 | D        | Killed Reanyafe the pandemonium lord
   572 | D        | Reached skill level 10 in Armour
   572 | D        | Reached skill level 13 in Stealth
   800 | D        | Entered arena 9.
   801 | D        | Found a transporter.
   812 | D        | Reached skill level 14 in Stealth
   818 | D        | Got the ring "Tuheuwio" {*Slow rF+ rCorr MP+9 Int+5}
   826 | D        | Got the ring of Ezudd {Wiz Will+ SInv}
   840 | D        | Entered arena 10.
   840 | D        | Noticed a naga mage
   840 | D        | Noticed a naga mage
   841 | D        | Found a transporter.
   851 | D        | Killed a naga mage
   851 | D        | Killed a naga mage
  1031 | D        | Entered arena 11.
  1031 | D        | Noticed a toenail golem
  1031 | D        | Noticed a gargoyle
  1031 | D        | Noticed a toenail golem
  1031 | D        | Noticed a toenail golem
  1031 | D        | Noticed a toenail golem
  1031 | D        | Noticed a toenail golem
  1032 | D        | Found a transporter.
  1037 | D        | Killed a gargoyle
  1041 | D        | Killed a toenail golem
  1042 | D        | Gained mutation: You have a pair of antennae on your head.
                  | [demonic ancestry]
  1042 | D        | Reached XP level 11. HP: 76/89 MP: 14/20
  1046 | D        | Reached skill level 15 in Stealth
  1296 | D        | Entered arena 12.
  1296 | D        | Found the +5 lochaber axe {reach-cleave, poleaxe}
  1296 | D        | Noticed a war gargoyle
  1296 | D        | Noticed an iron golem
  1299 | D        | Noticed a war gargoyle
  1299 | D        | Noticed an ancient champion
  1299 | D        | Noticed an ancient champion
  1299 | D        | Noticed a Hell Sentinel
  1299 | D        | Noticed an ancient champion
  1299 | D        | Found the +3 hat of Pondering {ponderous, Will+ MP+10
                  | Int+5}
  1299 | D        | Found a transporter.
  1301 | D        | Reached skill level 10 in Fighting
  1304 | D        | Slain by a Hell Sentinel

Illustrated notes

Levels and vault maps discovered:
D:        sprint_v [room_start, room_1, room_2, room_3, room_4, room_5, room_6,
          room_7, room_8, room_9, room_10, room_11, room_12, room_13, room_14,
          room_15, room_16, room_17, room_18, room_19, room_20, room_21,
          room_22, room_23, room_24, room_25, room_26, room_27]

Skill      XL: |  1  2  3  4  5  6  7  8  9 10 11 |
---------------+----------------------------------+-----
Armour         | 4 5 7 8 10 11 | 11.2
Stealth        | 6 7 8 9 11 14 15 | 15.7
Short Blades   | 2 3 4 5 7 8 9 |  9.1
Dodging        | 1 2 3 5 7 8 |  8.9
Invocations    | 1 3 5 7 10 12 | 12.4
Evocations     | 1 2 3 5 7 8 9 |  9.7
Fighting       | 3 4 5 6 8 9 10 | 10.0
Spellcasting   | 2 4 |  4.0
Hexes          | 2 3 4 |  4.9
Throwing       | |  1.7

Action                   |  1- 3 |  4- 6 |  7- 9 | 10-12 || total
-------------------------+-------+-------+-------+-------++-------
Melee: Quick blade       |     4 |    26 |     6 |       ||    36
       Kick              |       |     3 |     4 |    25 ||    32
       Double sword      |       |       |     2 |     2 ||     4
       Touch             |       |       |     1 |    15 ||    16
       Rapier            |       |       |       |    50 ||    50
Invok: Shadow Step       |       |     1 |       |     5 ||     6
Evoke: Wand              |       |     3 |     1 |     3 ||     7
       Condenser vane    |       |     1 |     2 |     4 ||     7
       Box of beasts     |       |       |     2 |     1 ||     3
       Lightning rod     |       |       |       |     1 ||     1
  Use: Potion            |     1 |       |       |     7 ||     8
       Scroll            |       |       |       |     4 ||     4
 Stab: Sleeping          |     2 |     4 |       |     2 ||     8
Armor: Shadow dragon sca |       |    13 |     8 |    20 ||    41
Dodge: Dodged            |       |    17 |    38 |    94 ||   149
